 Dungeon Crawl Stone Soup version 0.16.2-12-gd0ad4c3 (webtiles) character file.

941 Charly the Cleaver (level 7, -1/61 HPs)
             Began as a Deep Dwarf Gladiator on July 31, 2016.
             Was an Initiate of Makhleb.
             Slain by a troll (7 damage)
             ... on level 9 of the Dungeon.
             The game lasted 00:23:34 (913 turns).

Charly the Cleaver (Deep Dwarf Gladiator)            Turns: 913, Time: 00:23:34

Health: -1/61      AC:  7    Str: 18    XL:     7   Next: 88%
Magic:  3/3        EV: 13    Int:  9    God:    Makhleb [......]
Gold:   40         SH:  0    Dex: 15    Spells: 0 memorised, 6 levels left

rFire  . . .     SeeInvis .     a - +0 war axe
rCold  . . .     Clarity  .     m - +0 leather armour (curse)
rNeg   . . .     SustAb   .     (no shield)
rPois  .         Gourm    .     c - +0 helmet
rElec  .         Spirit   .     j - +0 cloak
rCorr  .         Warding  .     (no gloves)
rMut   .         Stasis   .     (no boots)
MR     ++...                    (no amulet)
Stlth  +.........               (no ring)
                                q - ring of protection from magic

@: non-regenerating, very resistant to hostile enchantments, very unstealthy
A: damage resistance, recharge devices, yellow scales 1, sense surroundings 1,
slow healing 3
a: Device Recharging, Renounce Religion


You were on level 9 of the Dungeon.
You worshipped Makhleb.
Makhleb was noncommittal.
You were hungry.

You visited 2 branches of the dungeon, and saw 10 of its levels.

You collected 40 gold pieces.

Inventory:

Hand weapons
 a - a +0 war axe (weapon)
Missiles
 g - 6 curare-tipped needles
Armour
 c - a +0 helmet (worn)
 j - a +0 cloak (worn)
 m - a cursed +0 leather armour (worn)
 n - a +0 scale mail
 u - a +0 plate armour
Jewellery
 q - a ring of protection from magic (left hand)
Magical devices
 e - a wand of heal wounds (5)
 h - a wand of slowing (18)
Potions
 i - a potion of heal wounds {unknown}
 k - a potion of cancellation {unknown}
 l - a potion of brilliance {unknown}
 o - a potion of might {unknown}
 p - a potion of degeneration {unknown}
 r - a potion of curing {unknown}
 s - a potion of agility {unknown}
 t - a potion of mutation {unknown}
Books
 b - a book of Cantrips

   Spells                             Type                      Level
   a - Corona                         Hexes                        1
   b - Animate Skeleton               Necromancy                   1
   c - Summon Small Mammal            Summoning                    1
   d - Apportation                    Translocation                1
Comestibles
 f - 2 bread rations


   Skills:
 + Level 2.3 Fighting
 + Level 10.2 Axes
 - Level 1.7 Throwing
 - Level 3.2 Dodging


You had 6 spell levels left.
You didn't know any spells.

Dungeon Overview and Level Annotations

Branches:
Dungeon (9/15)             Temple (1/1) D:6
   Lair: D:8-11         Orc: D:9-12

Altars:
Ashenzari
Dithmenos
Fedhas
Makhleb
Nemelex Xobeh
Okawaru
Trog


Innate Abilities, Weirdness & Mutations

You are resistant to damage.
You can recharge devices by infusing magical energy.
You passively map a small area around you.
You do not heal naturally.
You are partially covered in yellow scales (AC +2).


Message History

The troll bites you but does no damage. The troll claws you but does no damage.
The troll barely misses you.
You slash the troll!
The troll is heavily wounded.
The troll bites you! The troll claws you but does no damage.
The troll closely misses you.
You closely miss the troll.
The troll is heavily wounded.
The troll completely misses you. The troll claws you. The troll claws you.
Unknown command.
You hit the troll.
The troll is severely wounded.
The troll bites you but does no damage. The troll claws you but does no damage.
The troll claws you.
You hit the troll.
The troll is severely wounded.
The troll bites you!
* * * LOW HITPOINT WARNING * * *
The troll barely misses you. The troll claws you!
You die...

* #.# *#..
#######.###....#
.............# ,
#######.##### #.# ,
#.# ** #.# * #.# #@#
###T###### *** ###
** #..c(....###*
.... #........'.#
.....,
+........#.##.......
* **
#........#..c.......
#.#####'#####.......
#. #[.# ###+# ## *
#.## *


You could see a troll and a centaur.

Vanquished Creatures
  A hippogriff (D:7)
  2 sky beasts
  An ice beast (D:6)
  A phantom (D:6)
  A centaur (D:7)
  A scorpion (D:6)
  A crimson imp (D:5)
  An iguana (D:6)
  A centaur skeleton (D:5)
  A hound (D:9)
  2 orc priests (D:6)
  A worker ant (D:6)
  A hound zombie (D:6)
  3 adders
  2 shadow imps
  A worm (D:3)
  A giant mite (D:6)
  2 adder skeletons
  5 giant geckos
  An ooze (D:5)
  3 orcs
  A ball python (D:1)
  4 hobgoblins
  3 kobolds
  5 bats
  A giant cockroach (D:6)
  4 rats
51 creatures vanquished.

Notes
Turn   | Place    | Note
--------------------------------------------------------------
     0 | D:1      | Charly, the Deep Dwarf Gladiator, began the quest for the Orb.
     0 | D:1      | Reached XP level 1. HP: 19/19 MP: 1/1
    74 | D:1      | Reached XP level 2. HP: 19/26 MP: 2/2
    75 | D:1      | Reached skill level 4 in Axes
   203 | D:4      | Found a shattered altar of Ashenzari.
   215 | D:4      | Reached XP level 3. HP: 19/32 MP: 3/3
   254 | D:4      | Found a shadowy altar of Dithmenos.
   260 | D:4      | Found a blossoming altar of Fedhas.
   281 | D:4      | Found an iron altar of Okawaru.
   282 | D:4      | Found a bloodstained altar of Trog.
   386 | D:5      | Entered Level 5 of the Dungeon
   392 | D:5      | Reached skill level 5 in Axes
   486 | D:5      | Reached XP level 4. HP: 19/39 MP: 4/4
   498 | D:5      | Reached skill level 6 in Axes
   514 | D:5      | Found a sparkling altar of Nemelex Xobeh.
   523 | D:6      | Noticed a phantom
   526 | D:6      | Noticed a sky beast
   557 | D:6      | Killed a sky beast
   557 | D:6      | Reached skill level 7 in Axes
   557 | D:6      | Reached XP level 5. HP: 13/45 MP: 5/5
   565 | D:6      | Killed a phantom
   565 | D:6      | Reached XP level 6. HP: 21/52 MP: 6/6
   581 | D:6      | Gained mutation: You are partially covered in yellow scales (AC +2). [mutagenic meat]
   582 | D:6      | -1
   587 | D:6      | Noticed an ice beast
   592 | D:6      | Reached skill level 8 in Axes
   596 | D:6      | Killed an ice beast
   603 | D:6      | Found a staircase to the Ecumenical Temple.
   612 | Temple   | Entered the Ecumenical Temple
   615 | Temple   | Became a worshipper of Makhleb the Destroyer
   644 | D:6      | +1.2
   686 | D:6      | Reached XP level 7. HP: 23/58 MP: 6/6
   704 | D:6      | Reached skill level 9 in Axes
   717 | D:6      | Noticed an ice beast
   830 | D:9      | Reached skill level 10 in Axes
   876 | D:9      | Noticed a troll
   903 | D:9      | HP: 2/61 [troll (6)]
   913 | D:9      | Slain by a troll

Action                   |  1- 3 |  4- 6 |  7- 9 || total
-------------------------+-------+-------+-------++-------
Melee: War axe           |    86 |    59 |    61 ||   206
Throw: Throwing net      |     4 |     6 |     1 ||    11
 Abil: Device Recharging |       |     1 |     3 ||     4
Evoke: Wand              |     3 |     7 |     9 ||    19
  Use: Scroll            |     4 |       |       ||     4
 Stab: Sleeping          |     1 |       |       ||     1
       Held in net/web   |       |     3 |       ||     3
  Eat: Chunk             |       |     1 |       ||     1
